| TOP OF THE 1ST |
|
Portland Sea Dogs batting - Pitching for Arkansas Travelers : RHP Sam Alexander
|
|
Pitching: RHP Sam Alexander
|
|
|
Batting: RHB Nate Dickinson
|
0-0: Swinging Strike 0-1: Foul Ball, location: 2F 0-2: Ball 1-2: Strikes out looking
|
|
Batting: LHB Dave Reyes
|
0-0: Ball 1-0: Swinging Strike 1-1: Ball 2-1: Ball 3-1: Called Strike 3-2: Ground out 4-3 (Groundball, 34D, EV 102.5 MPH)
|
|
Batting: LHB Parker Lowe
|
0-0: Ball 1-0: Foul Ball, location: 2F 1-1: Foul Ball, location: 2F 1-2: Ground out 1-3 (Groundball, 34S, EV 73.1 MPH)
|
| Top of the 1st over - 0 runs, 0 hits, 0 errors, 0 left on base; Portland 0 - Arkansas 0 |
| BOTTOM OF THE 1ST |
|
Arkansas Travelers batting - Pitching for Portland Sea Dogs : LHP Steve Lewis
|
|
Pitching: LHP Steve Lewis
|
|
|
Batting: RHB Bjoern Waltersson
|
0-0: Ball 1-0: Swinging Strike 1-1: Foul Ball, location: 2F 1-2: Foul Ball, location: 2F 1-2: Strikes out swinging
|
|
Batting: RHB Andres Mendiola
|
0-0: Ball 1-0: Ball 2-0: Foul Ball, location: 2F 2-1: Fly out, F8 (Flyball, 89S, EV 95.0 MPH)
|
|
Batting: RHB Jasper Burd
|
0-0: Ball 1-0: Called Strike 1-1: Foul Ball, location: 2F 1-2: Ball 2-2: Ground out 5-3 (Groundball, 5, EV 83.1 MPH)
|
| Bottom of the 1st over - 0 runs, 0 hits, 0 errors, 0 left on base; Portland 0 - Arkansas 0 |
| TOP OF THE 2ND |
|
Portland Sea Dogs batting - Pitching for Arkansas Travelers : RHP Sam Alexander
|
|
Batting: RHB Neil Mautone
|
0-0: Foul Ball, location: 2F 0-1: SOLO HOME RUN (Flyball, 7LD, EV 93.8 MPH), Distance : 343 ft
|
|
Batting: LHB Julian Toney
|
0-0: Swinging Strike 0-1: Ball 1-1: Called Strike 1-2: Foul Ball, location: 2F 1-2: Ball 2-2: Strikes out swinging
|
|
Batting: RHB Joe Evrard
|
0-0: Ball 1-0: SINGLE (Line Drive, 78S, EV 105.0 MPH)
|
|
Batting: RHB Pat Bulger
|
0-0: Called Strike 0-1: SINGLE (Line Drive, 4D, EV 98.1 MPH) Joe Evrard to second Runner from 2nd tries for 3rd, SAFE, throw by CF made to third
|
|
Batting: LHB Arcot Ramathorn
|
0-0: Ball 1-0: Swinging Strike 1-1: Foul Ball, location: 2F 1-2: Ball 2-2: Ball 3-2: Fielders Choice at 2nd, 1-6 (Groundball, 13, EV 68.8 MPH)
|
|
Batting: RHB Rogelio Losano
|
0-0: SINGLE (Groundball, 56D, EV 84.4 MPH) (infield hit) Joe Evrard scores Arcot Ramathorn to second
|
|
Batting: RHB Nate Dickinson
|
0-0: Ball 1-0: Fly out, F9 (Flyball, 9D, EV 102.5 MPH)
|
| Top of the 2nd over - 2 runs, 4 hits, 0 errors, 2 left on base; Portland 2 - Arkansas 0 |
| BOTTOM OF THE 2ND |
|
Arkansas Travelers batting - Pitching for Portland Sea Dogs : LHP Steve Lewis
|
|
Batting: RHB Luis Romero
|
0-0: Ball 1-0: Called Strike 1-1: Ball 2-1: Ball 3-1: Called Strike 3-2: Strikes out looking
|
|
Batting: RHB Oren Jones
|
0-0: Foul Ball, location: 2F 0-1: Foul Ball, location: 2F 0-2: Foul Ball, location: 2F 0-2: Ball 1-2: Ball 2-2: Strikes out swinging
|
|
Batting: LHB Matt Calitri
|
0-0: Called Strike 0-1: Called Strike 0-2: Foul Ball, location: 2F 0-2: Strikes out swinging
|
| Bottom of the 2nd over - 0 runs, 0 hits, 0 errors, 0 left on base; Portland 2 - Arkansas 0 |
| TOP OF THE 3RD |
|
Portland Sea Dogs batting - Pitching for Arkansas Travelers : RHP Sam Alexander
|
|
Batting: LHB Dave Reyes
|
0-0: Ball 1-0: Ground out 4-3 (Groundball, 34, EV 103.8 MPH)
|
|
Batting: LHB Parker Lowe
|
0-0: Ball 1-0: Called Strike 1-1: Foul Ball, location: 2F 1-2: Ball 2-2: Fly out, F8 (Flyball, 8RD, EV 85.6 MPH)
|
|
Batting: RHB Neil Mautone
|
0-0: Ground out 6-3 (Groundball, 6, EV 82.5 MPH)
|
| Top of the 3rd over - 0 runs, 0 hits, 0 errors, 0 left on base; Portland 2 - Arkansas 0 |
| BOTTOM OF THE 3RD |
|
Arkansas Travelers batting - Pitching for Portland Sea Dogs : LHP Steve Lewis
|
|
Batting: SHB Mario Padron
|
0-0: Ball 1-0: Foul Ball, location: 2F 1-1: Swinging Strike 1-2: Ball 2-2: Strikes out looking
|
|
Batting: LHB Tyler Meier
|
0-0: Fly out, F7 (Flyball, 7LS, EV 80.0 MPH)
|
|
Batting: LHB Sean Corderman
|
0-0: Swinging Strike 0-1: Foul Ball, location: 2F 0-2: Ball 1-2: Foul Ball, location: 2F 1-2: Foul Ball, location: 2F 1-2: Strikes out swinging
|
| Bottom of the 3rd over - 0 runs, 0 hits, 0 errors, 0 left on base; Portland 2 - Arkansas 0 |
| TOP OF THE 4TH |
|
Portland Sea Dogs batting - Pitching for Arkansas Travelers : RHP Sam Alexander
|
|
Batting: LHB Julian Toney
|
0-0: Swinging Strike 0-1: Swinging Strike 0-2: Strikes out looking
|
|
Batting: RHB Joe Evrard
|
0-0: Ball 1-0: Ball 2-0: Ball 3-0: Called Strike 3-1: Base on Balls
|
|
Batting: RHB Pat Bulger
|
0-0: DOUBLE (Flyball, 8RXD, EV 106.3 MPH) Joe Evrard to third
|
|
Batting: LHB Arcot Ramathorn
|
0-0: Ball 1-0: Called Strike 1-1: Ground out 4-3 (Groundball, 4, EV 102.5 MPH) Joe Evrard scores Pat Bulger to third
|
|
Batting: RHB Rogelio Losano
|
0-0: Called Strike 0-1: Foul Ball, location: 2F 0-2: Strikes out looking
|
| Top of the 4th over - 1 run, 1 hit, 0 errors, 1 left on base; Portland 3 - Arkansas 0 |
| BOTTOM OF THE 4TH |
|
Arkansas Travelers batting - Pitching for Portland Sea Dogs : LHP Steve Lewis
|
|
Batting: RHB Bjoern Waltersson
|
0-0: Ball 1-0: Ball 2-0: Called Strike 2-1: Bunt for hit to 13S - play at first, batter OUT! 1-3
|
|
Batting: RHB Andres Mendiola
|
0-0: Ball 1-0: Ball 2-0: Foul Ball, location: 2F 2-1: Ball 3-1: Foul Ball, location: 2F 3-2: Fly out, F9 (Flyball, 89D, EV 91.3 MPH)
|
|
Batting: RHB Jasper Burd
|
0-0: Ball 1-0: Ground out U3 (Groundball, 3L, EV 102.5 MPH)
|
| Bottom of the 4th over - 0 runs, 0 hits, 0 errors, 0 left on base; Portland 3 - Arkansas 0 |
| TOP OF THE 5TH |
|
Portland Sea Dogs batting - Pitching for Arkansas Travelers : RHP Sam Alexander
|
|
Batting: RHB Nate Dickinson
|
0-0: Called Strike 0-1: Ball 1-1: Foul Ball, location: 2F 1-2: Strikes out swinging
|
|
Batting: LHB Dave Reyes
|
0-0: Fly out, F7 (Flyball, 7D, EV 86.3 MPH)
|
|
Batting: LHB Parker Lowe
|
0-0: Ground out 1-3 (Groundball, 13S, EV 63.1 MPH)
|
| Top of the 5th over - 0 runs, 0 hits, 0 errors, 0 left on base; Portland 3 - Arkansas 0 |
| BOTTOM OF THE 5TH |
|
Arkansas Travelers batting - Pitching for Portland Sea Dogs : LHP Steve Lewis
|
|
Batting: RHB Luis Romero
|
0-0: SINGLE (Line Drive, 6MD, EV 97.5 MPH)
|
|
Batting: RHB Oren Jones
|
0-0: Ball 1-0: Ball 2-0: Swinging Strike 2-1: Fly out, F8 (Line Drive, 8LD, EV 93.1 MPH)
|
|
Batting: LHB Matt Calitri
|
0-0: Foul Ball, location: 2F 0-1: Ball 1-1: Called Strike 1-2: Grounds into double play, 4-6-3 (Groundball, 34D, EV 97.5 MPH)
|
| Bottom of the 5th over - 0 runs, 1 hit, 0 errors, 0 left on base; Portland 3 - Arkansas 0 |
| TOP OF THE 6TH |
|
Portland Sea Dogs batting - Pitching for Arkansas Travelers : RHP Sam Alexander
|
|
Batting: RHB Neil Mautone
|
0-0: Foul Ball, location: 2F 0-1: Foul Ball, location: 2F 0-2: Ball 1-2: Ball 2-2: Ground out 6-3 (Groundball, 6, EV 83.8 MPH)
|
|
Batting: LHB Julian Toney
|
0-0: Swinging Strike 0-1: Called Strike 0-2: Strikes out swinging
|
|
Batting: RHB Joe Evrard
|
0-0: Ball 1-0: Called Strike 1-1: Ball 2-1: Ball 3-1: Base on Balls
|
|
Batting: RHB Pat Bulger
|
0-0: Ball 1-0: Called Strike 1-1: Ball 2-1: DOUBLE (Flyball, 8RXD, EV 110.0 MPH) Joe Evrard to third Runner from 3rd tries for Home, throw by CF and OUT! 8-4-2
|
| Top of the 6th over - 0 runs, 1 hit, 0 errors, 1 left on base; Portland 3 - Arkansas 0 |
| BOTTOM OF THE 6TH |
|
Arkansas Travelers batting - Pitching for Portland Sea Dogs : LHP Steve Lewis
|
|
Batting: SHB Mario Padron
|
0-0: Ball 1-0: SINGLE (Groundball, 56S, EV 71.9 MPH) (infield hit)
|
|
Batting: LHB Tyler Meier
|
0-0: Ball 1-0: Foul Ball, location: 2F 1-1: Foul Ball, location: 2F 1-2: Ball 2-2: Foul Ball, location: 2F 2-2: Fly out, F8 (Line Drive, 8RM, EV 108.1 MPH)
|
|
Batting: LHB Sean Corderman
|
0-0: Called Strike 0-1: Ball 1-1: Called Strike 1-2: Ball 2-2: Fly out, F8 (Flyball, 8RXD, EV 108.1 MPH)
|
|
Batting: RHB Bjoern Waltersson
|
0-0: Ball 1-0: Foul Ball, location: 2F 1-1: Foul Ball, location: 2F 1-2: Foul Ball, location: 2F 1-2: Ball 2-2: Ground out 5-3 (Groundball, 56S, EV 81.3 MPH)
|
| Bottom of the 6th over - 0 runs, 1 hit, 0 errors, 1 left on base; Portland 3 - Arkansas 0 |
| TOP OF THE 7TH |
|
Portland Sea Dogs batting - Pitching for Arkansas Travelers : RHP Sam Alexander
|
|
Pitching: RHP Andino Calzaghe
|
|
|
Batting: LHB Arcot Ramathorn
|
0-0: SOLO HOME RUN (Line Drive, 89XD, EV 114.4 MPH), Distance : 430 ft
|
|
Pinch Hitting: LHB Alex Mendoza
|
0-0: Called Strike 0-1: Called Strike 0-2: Ball 1-2: SINGLE (Groundball, 6D, EV 95.0 MPH)
|
|
Batting: RHB Nate Dickinson
|
0-0: Bunted foul 0-1: Bunted foul 0-2: Grounds into double play, 5-4-3 (Groundball, 56S, EV 83.1 MPH)
|
|
Batting: LHB Dave Reyes
|
0-0: Foul Ball, location: 2F 0-1: Called Strike 0-2: SINGLE (Line Drive, 34, EV 107.5 MPH)
|
|
Batting: LHB Parker Lowe
|
0-0: Ball 1-0: Called Strike 1-1: 2-RUN HOME RUN (Flyball, 9D, EV 94.4 MPH), Distance : 374 ft
|
|
Pitching: RHP Mike Guidroz
|
|
|
Batting: RHB Neil Mautone
|
0-0: Ball 1-0: Called Strike 1-1: SINGLE (Groundball, 56D, EV 103.8 MPH)
|
|
Batting: LHB Julian Toney
|
0-0: SINGLE (Groundball, 34S, EV 74.4 MPH) (infield hit) Neil Mautone to second
|
|
Batting: RHB Joe Evrard
|
0-0: Ball 1-0: Called Strike 1-1: Ball 2-1: Swinging Strike 2-2: Foul Ball, location: 2F 2-2: Ball 3-2: SINGLE (Line Drive, 7S, EV 91.9 MPH) Neil Mautone to third Julian Toney to second Neil Mautone scores Julian Toney to third
|
|
Batting: RHB Pat Bulger
|
0-0: Ball 1-0: SINGLE (Groundball, 56D, EV 106.9 MPH) Julian Toney scores Joe Evrard to second
|
|
Batting: LHB Arcot Ramathorn
|
0-0: Called Strike 0-1: Ball 1-1: DOUBLE (Flyball, 8RXD, EV 101.3 MPH) Joe Evrard scores Pat Bulger to third Runner from 3rd tries for Home, SAFE, throw by CF to home
|
|
Pitching: RHP Chad Baxter
|
|
|
Batting: LHB Alex Mendoza
|
0-0: Ball 1-0: Foul Ball, location: 2F 1-1: Ball 2-1: Swinging Strike 2-2: Strikes out swinging
|
| Top of the 7th over - 7 runs, 9 hits, 0 errors, 1 left on base; Portland 10 - Arkansas 0 |
| BOTTOM OF THE 7TH |
|
Arkansas Travelers batting - Pitching for Portland Sea Dogs : LHP Steve Lewis
|
|
Now at 3B: John Bailey
|
|
|
Batting: RHB Andres Mendiola
|
0-0: TRIPLE (Line Drive, 78XD, EV 110.6 MPH)
|
|
Batting: RHB Jasper Burd
|
0-0: Ball 1-0: DOUBLE (Line Drive, 89D, EV 110.0 MPH) Andres Mendiola scores
|
|
Batting: RHB Luis Romero
|
0-0: Ball 1-0: Called Strike 1-1: Ball 2-1: Ball 3-1: Called Strike 3-2: SINGLE (Groundball, 6MD, EV 96.3 MPH) Jasper Burd to third Runner from 3rd tries for Home, SAFE, throw by CF to home
|
|
Batting: RHB Oren Jones
|
0-0: Ground out 6-3 (Groundball, 6, EV 107.5 MPH) Luis Romero to second
|
|
Batting: LHB Matt Calitri
|
0-0: Ball 1-0: Ball 2-0: Called Strike 2-1: Called Strike 2-2: Fly out, F7 (Flyball, 7LD, EV 105.6 MPH) Runner from 2nd tags up, SAFE at 3rd, no throw by LF
|
|
Batting: SHB Mario Padron
|
0-0: Ball 1-0: Foul Ball, location: 2F 1-1: Fly out, F8 (Line Drive, 8LD, EV 106.3 MPH)
|
| Bottom of the 7th over - 2 runs, 3 hits, 0 errors, 1 left on base; Portland 10 - Arkansas 2 |
| TOP OF THE 8TH |
|
Portland Sea Dogs batting - Pitching for Arkansas Travelers : RHP Chad Baxter
|
|
Pinch Hitting: LHB Brent Albertson
|
0-0: Ball 1-0: Ball 2-0: Foul Ball, location: 2F 2-1: Foul Ball, location: 2F 2-2: Foul Ball, location: 2F 2-2: DOUBLE (Groundball, 3L, EV 95.6 MPH)
|
|
Batting: LHB Dave Reyes
|
0-0: Called Strike 0-1: SINGLE (Line Drive, 7LS, EV 99.4 MPH) Brent Albertson to third Runner from 3rd tries for Home, SAFE, throw by LF to home
|
|
Batting: LHB Parker Lowe
|
0-0: Called Strike 0-1: Ball 1-1: Ball 2-1: Fielders Choice at 2nd, 1-6 (Groundball, 34S, EV 71.3 MPH)
|
|
Batting: RHB Neil Mautone
|
0-0: Ball 1-0: Fly out, F8 (Line Drive, 8RM, EV 95.0 MPH)
|
|
Batting: LHB Julian Toney
|
0-0: Ball 1-0: Ball 2-0: Ball 3-0: Called Strike 3-1: Base on Balls Parker Lowe to second
|
|
Batting: RHB Joe Evrard
|
0-0: Ball 1-0: Foul Ball, location: 2F 1-1: SINGLE (Line Drive, 4D, EV 95.0 MPH) Parker Lowe to third Julian Toney to second Runner from 3rd tries for Home, throw by CF and OUT! 8-2
|
| Top of the 8th over - 1 run, 3 hits, 0 errors, 2 left on base; Portland 11 - Arkansas 2 |
| BOTTOM OF THE 8TH |
|
Arkansas Travelers batting - Pitching for Portland Sea Dogs : LHP Steve Lewis
|
|
Pitching: RHP Toichi Komata
|
|
|
Now in LF: Brent Albertson
|
|
|
Batting: LHB Tyler Meier
|
0-0: Foul Ball, location: 2F 0-1: Fly out, F7 (Flyball, 7LM, EV 87.5 MPH)
|
|
Batting: LHB Sean Corderman
|
0-0: Ball 1-0: Called Strike 1-1: Foul Ball, location: 2F 1-2: Ball 2-2: Ball 3-2: Foul Ball, location: 2F 3-2: Ground out 4-3 (Groundball, 4, EV 89.4 MPH)
|
|
Batting: RHB Bjoern Waltersson
|
0-0: Called Strike 0-1: Foul Ball, location: 2F 0-2: Ball 1-2: Ball 2-2: Foul Ball, location: 2F 2-2: Foul Ball, location: 2F 2-2: Foul Ball, location: 2F 2-2: Strikes out looking
|
| Bottom of the 8th over - 0 runs, 0 hits, 0 errors, 0 left on base; Portland 11 - Arkansas 2 |
| TOP OF THE 9TH |
|
Portland Sea Dogs batting - Pitching for Arkansas Travelers : RHP Chad Baxter
|
|
Pitching: RHP Harambe Vick
|
|
|
Batting: RHB Pat Bulger
|
0-0: Called Strike 0-1: Ball 1-1: Ball 2-1: Foul Ball, location: 2F 2-2: Ball 3-2: Fly out, F6 (Line Drive, 6, EV 66.3 MPH)
|
|
Batting: LHB Arcot Ramathorn
|
0-0: Called Strike 0-1: Ball 1-1: Ball 2-1: Foul Ball, location: 2F 2-2: SINGLE (Groundball, 25, EV 68.8 MPH) (infield hit)
|
|
Pinch Hitting: RHB Carlos Nolasco
|
0-0: Ball 1-0: Swinging Strike 1-1: Foul Ball, location: 2F 1-2: Foul Ball, location: 2F 1-2: Ball 2-2: Foul Ball, location: 2F 2-2: Ball 3-2: Grounds into double play, 6-4-3 (Groundball, 6, EV 85.6 MPH)
|
| Top of the 9th over - 0 runs, 1 hit, 0 errors, 0 left on base; Portland 11 - Arkansas 2 |
| BOTTOM OF THE 9TH |
|
Arkansas Travelers batting - Pitching for Portland Sea Dogs : RHP Toichi Komata
|
|
Now at 3B: Carlos Nolasco
|
|
|
Batting: RHB Andres Mendiola
|
0-0: Called Strike 0-1: Called Strike 0-2: Ball 1-2: Foul Ball, location: 2F 1-2: Ball 2-2: Foul Ball, location: 2F 2-2: Ball 3-2: Base on Balls
|
|
Batting: RHB Jasper Burd
|
0-0: Called Strike 0-1: Ball 1-1: Fly out, F9 (Flyball, 9LS, EV 88.8 MPH)
|
|
Batting: RHB Luis Romero
|
0-0: Swinging Strike 0-1: Called Strike 0-2: Ball 1-2: Strikes out swinging
|
|
Batting: RHB Oren Jones
|
0-0: Ball 1-0: SINGLE (Groundball, 6S, EV 65.0 MPH) (infield hit) Andres Mendiola to second
|
|
Batting: LHB Matt Calitri
|
0-0: Ground out U3 (Groundball, 3, EV 88.1 MPH)
|
| Bottom of the 9th over - 0 runs, 1 hit, 0 errors, 2 left on base; Portland 11 - Arkansas 2 |
|